 Dungeon Crawl Stone Soup version 0.28-a0-413-gde365fb1df (webtiles) character file.

Game seed: 7367658879365030779

62 robertstho the Skirmisher (level 3, -5/35 HPs)
             Began as a Minotaur Berserker on Sept 7, 2021.
             Was a Believer of Trog.
             Killed from afar by an orc wizard (7 damage)
             ... with a magic dart
             ... on level 3 of the Dungeon.
             The game lasted 00:02:05 (1979 turns).

robertstho the Skirmisher (Minotaur Berserker)      Turns: 1979, Time: 00:02:06

Health: -5/35      AC:  6    Str: 21    XL:     3   Next: 85%
Magic:  2/2        EV: 11    Int:  5    God:    Trog [**....]
Gold:   129        SH:  0    Dex:  9    Spells: 2/2 levels left

rFire   . . .      SeeInvis .   a - +0 hand axe
rCold   . . .      Faith    .   (no shield)
rNeg    . . .      Spirit   .   o - +0 ring mail
rPois   .          Reflect  .   (helmet restricted)
rElec   .          Harm     .   (no cloak)
rCorr   .          Rampage  .   (no gloves)
Will    .....                   i - +0 pair of boots
Stlth   ..........              (no amulet)
HPRegen 0.11/turn               (no ring)
MPRegen 0.08/turn               (no ring)

@: brilliant, on berserk cooldown, slowed, very slow
A: horns 2, retaliatory headbutt
a: Renounce Religion, Berserk, Trog's Hand


You were on level 3 of the Dungeon.
You worshipped Trog.
Trog was pleased with you.
You visited 1 branch of the dungeon, and saw 3 of its levels.

You collected 129 gold pieces.

Inventory:

Hand Weapons
 a - a +0 hand axe (weapon)
Armour
 i - a +0 pair of boots (worn)
 o - a +0 ring mail (worn)
Scrolls
 b - a scroll of identify
 n - a scroll of vulnerability
Potions
 c - a potion of attraction {unknown}
 f - a potion of lignification {unknown}
 h - a potion of might {unknown}
 k - a potion of haste {unknown}


   Skills:
 * Level 4.8 Fighting
 + Level 4.4 Axes
 * Level 3.0 Armour
 + Level 2.4 Dodging


You had 2 spell levels left.
You didn't know any spells.
Your spell library was empty.

Dungeon Overview and Level Annotations

Branches:
Dungeon (3/15)

Altars:
Kikubaaqudgha


Innate Abilities, Weirdness & Mutations

You have a pair of horns on your head.
You reflexively headbutt those who attack you in melee.


Message History

Something hits you but does no damage.
You closely miss something. You barely miss the kobold.
Something hits you but does no damage.
You are no longer berserk.
You are exhausted.
You feel yourself slow down.
The kobold hits you with a +0 short sword.
* * * LOW HITPOINT WARNING * * *
It was a potion of curing.
You feel better. The kobold hits you but does no damage.
You hear some strange, mumbled words.
A puff of flame appears from out of thin air!
The puff of flame hits you.
* * * LOW HITPOINT WARNING * * *
The kobold hits you but does no damage.
You feel better. The kobold hits you but does no damage.
You hear some strange, mumbled words.
You are confused.
Unknown command.
You feel better.
The kobold hits you with a +0 short sword.
Something hits you but does no damage.
You hear some strange, mumbled words.
A puff of flame appears from out of thin air!
The puff of flame hits you.
* * * LOW HITPOINT WARNING * * *
The kobold hits you with a +0 short sword.
* * * LOW HITPOINT WARNING * * *
There is a stone staircase leading down here.
You hear some strange, mumbled words.
A magic dart appears from out of thin air!
The magic dart hits you!
* * * LOW HITPOINT WARNING * * *
It was a potion of brilliance.
You feel clever all of a sudden. Something hits you but does no damage.
You hear some strange, mumbled words.
A magic dart appears from out of thin air!
The magic dart hits you!
You die...

##.....)........##.
#.......<##
##........###
#####......#
#......#...
##.##...# . ####..#
...#
##..))########..
####.....K{@......#
.........##########
.........#
.........#
.........#
.........#
.........#
.........#
.........#


You could see a kobold.

Vanquished Creatures
  An adder (D:2)
  A worm (D:3)
  A dart slug (D:2)
  3 orcs (D:3)
  7 ball pythons
  5 bats
  6 endoplasms
  3 giant cockroaches
  A hobgoblin (D:2)
  2 frilled lizards (D:2)
  6 goblins
  A kobold (D:1)
  6 rats
43 creatures vanquished.

Notes
Turn   | Place    | Note
-------+----------+-------------------------------------------
     0 | D:1      | robertstho the Minotaur Berserker began the quest for the
                  | Orb.
     0 | D:1      | Reached XP level 1. HP: 19/19 MP: 0/0
   269 | D:1      | Reached XP level 2. HP: 25/27 MP: 1/1
   479 | D:1      | Found a faded altar of an unknown god.
  1152 | D:2      | Reached ** piety under Trog
  1180 | D:2      | Reached XP level 3. HP: 19/34 MP: 2/2
  1507 | D:2      | Found an ancient bone altar of Kikubaaqudgha.
  1979 | D:3      | Killed from afar by an orc wizard

Illustrated notes

Levels and vault maps discovered:
D:1:      dpeg_arrival_long_road, layout_loops_cross,
          dreamdust_ecumenical_altar_statues, serial_bayou_pond_d
D:2:      layout_rooms, basic_altar
D:3:      layout_rooms

Skill      XL: |  1  2  3 |
---------------+----------+-----
Fighting       | 4 |  4.8
Axes           | 4 |  4.4
Armour         | 3 |  3.0
Dodging        | |  2.4

Action                   || total
-------------------------++-------
Melee: Hand axe          ||    91
       Headbutt          ||    12
Invok: Berserk           ||     1
  Use: Scroll            ||     5
       Potion            ||     4
 Stab: Sleeping          ||     1
Armor: Animal skin       ||    21
       Ring mail         ||    12
Dodge: Dodged            ||    52

Table legend: (Time is in decaauts)
 A = Elapsed time spent in this place.
 B = Non-inter-level travel time spent in this place.
 C = Inter-level travel time spent in this place.
 D = Time resting spent in this place.
 E = Time spent auto-exploring this place.
 F = Levels seen in this place.
 G = Mean time per level.
                   A        B        C        D        E       F      G
               +--------+--------+--------+--------+--------+-----+--------+
         Total |   1987 |   1787 |    200 |      0 |   1510 |   3 |  662.3 |
       Dungeon |   1987 |   1787 |    200 |      0 |   1510 |   3 |  662.3 |
               +--------+--------+--------+--------+--------+-----+--------+

Top non-repeatable levels by time:
     D:1: 1250 daAuts
     D:2: 564 daAuts
     D:3: 172 daAuts
